 Dungeon Crawl Stone Soup version 0.32-a0-876-gcfddb08e57 (webtiles) character file.

Game seed: 18368720138598474672

4557 jasper the Basher (level 10, -3/96 (107) HPs)
             Began as an Oni Gladiator on Mar 31, 2024.
             Was a Believer of Okawaru.
             Slain by a wight
             ... wielding a +4 halberd
              (11 damage)
             ... on level 7 of the Dungeon.
             The game lasted 00:16:10 (9335 turns).

jasper the Basher (Oni Gladiator)                   Turns: 9335, Time: 00:16:11

HP:   -3/96 (107)   AC:  6    Str: 30    XL:     10   Next: 40%
MP:   10/10         EV: 10    Int:  9    God:    Okawaru [**....]
Gold: 313           SH:  5    Dex: 10    Spells: 9/9 levels left

rFire   . . .        i - +2 whip (holy)
rCold   + . .        (no shield)
rNeg    . . .        T - +0 steam dragon scales
rPois   .            c - +0 hat
rElec   .            (no cloak)
rCorr   .            (gloves unavailable)
SInv    .            (boots unavailable)
Will    +....        F - amulet of reflection
Stlth   +            o - +6 ring of strength
HPRegen 0.36/turn    E - ring of protection from cold
MPRegen 0.12/turn

%: reflection
@: heavily drained
A: large, unfitting armour, horns 1, tough skin 1, double potion healing,
drunken brawling
a: Renounce Religion, Heroism


You were on level 7 of the Dungeon.
You worshipped Okawaru.
Okawaru was pleased with you.
You visited 2 branches of the dungeon, and saw 8 of its levels.
You also visited: Sewer and Ossuary.

You collected 313 gold pieces.

Inventory:

Hand Weapons
 a - a +0 spectral flail
 g - a +0 trident of flaming
 h - a +0 club
 i - a +2 whip of holy wrath (weapon)
 j - a +0 dagger of venom
 k - a +0 giant club
 P - a +0 morningstar
Missiles
 d - 7 throwing nets
 f - 59 stones (quivered)
 t - 24 poisoned darts
 I - 6 boomerangs
 Q - 4 javelins
 R - a large rock
Armour
 b - a +0 robe
 c - a +0 hat (worn)
 u - a +1 robe of fire resistance
 T - +0 steam dragon scales (worn)
Jewellery
 o - a +6 ring of strength (left hand)
 E - a ring of protection from cold (right hand)
 F - an amulet of reflection (around neck)
 K - a ring of protection from cold
 O - a ring of ice
Wands
 e - a wand of flame (23)
 v - a wand of roots (20)
 B - a wand of paralysis (16)
Scrolls
 p - a scroll of brand weapon
 r - 2 scrolls of enchant weapon
 w - 3 scrolls of blinking
 x - 3 scrolls of fear
 y - a scroll of revelation
 C - 2 scrolls of teleportation
 H - a scroll of enchant armour
 J - 3 scrolls of identify
Potions
 l - 5 potions of brilliance
 m - a potion of lignification
 n - a potion of resistance
 q - 2 potions of magic
 s - 2 potions of mutation
 z - a potion of cancellation
 A - a potion of curing
 D - 3 potions of might
 G - 2 potions of enlightenment
 L - a potion of haste
 M - a potion of attraction
 N - 2 potions of heal wounds
 S - a potion of ambrosia
 U - a potion of berserk rage {unknown}


   Skills:
 * Level 9.4 Fighting
 - Level 1.7 Short Blades
 - Level 12.0 Maces & Flails
 - Level 2.0 Throwing
 + Level 3.4 Armour
 + Level 4.5 Dodging


You had 9 spell levels left.
You didn't know any spells.
Your spell library contained the following spells:

 Spells                   Type           Power      Damage    Failure   Level
 Freeze                   Ice            0%         1d3       38%         1
 Blink                    Tloc           0%         N/A       52%         2
 Lesser Beckoning         Tloc           0%         N/A       52%         2
 Momentum Strike          Conj/Tloc      0%         3d8       52%         2
 Frozen Ramparts          Ice            0%         1d1       77%         3
 Hailstorm                Conj/Ice       0%         3d5       77%         3
 Orb of Destruction       Conj           0%         9d5       100%        7
 Summon Blazeheart Golem  Fire/Summ      Unusable   N/A       N/A         4
 Spellforged Servitor     Conj/Summ      Unusable   N/A       N/A         7

Dungeon Overview and Level Annotations

Branches:
Dungeon (7/15)             Temple (1/1) D:4           Sewer (visited)
Ossuary (visited)

Altars:
Ashenzari
Cheibriados
Dithmenos
Elyvilon
Fedhas
Gozag
Hepliaklqana
Makhleb
Nemelex Xobeh
Okawaru
Qazlal
Ru
Sif Muna
Trog
Vehumet
Xom
Yredelemnul
Zin
The Shining One

Shops:
D:2 (

Annotations:
D:4 1 runed translucent door, Crazy Yiuf


Innate Abilities, Weirdness & Mutations

You are too large for most types of armour.
You have a pair of small horns on your head.
You have tough skin. (AC +1)
You gain doubled healing and magic from potions.
Whenever you drink a healing potion, you attack all around you.


Message History

You take 6 damage, and have 59/100 hp.
You closely miss the wight. You headbutt the wight.
You destroy the wight!
Okawaru accepts your kill. The wight hits you with a +4 spear!
You feel drained.
The wight hits you from afar with a +4 halberd!
Things that are here:
a +0 halberd; a +0 robe You take 25 damage, and have 34/99 hp.
MASSIVE DAMAGE!!
You hit the wight.
The wight convulses.
The wight is heavily damaged.
You block the wight's attack. The wight barely misses you.
You barely miss the wight.
The wight is heavily damaged.
You whack the wight!
You destroy the wight!
Okawaru accepts your kill. You block the wight's attack.
You hit the wight but do no damage.
You headbutt the wight, but do no damage.
You hit the wight.
The wight convulses.
You headbutt the wight, but do no damage.
The wight is moderately damaged.
The wight hits you with a +3 dire flail!
* * * LOW HITPOINT WARNING * * *
You feel drained.
* * * LOW HITPOINT WARNING * * *
The wight hits you from afar with a +4 halberd!
* * * LOW HITPOINT WARNING * * *
You feel drained.
* * * LOW HITPOINT WARNING * * *
You hit the wight but do no damage.
The wight is moderately damaged.
You take 27 damage, and have 8/95 hp.
MASSIVE DAMAGE!!
You whack the wight!
The wight convulses!
You destroy the wight!
Okawaru accepts your kill. The wight hits you but does no damage.
The wight hits you with a +4 halberd!
You die...

...........###.....# #..
##....<....[).....# ###
###.......###.....#
..........#####...######
######..................
##.################ #)#
#)# #@# #...z# .....####
####


You could see a wight.

Vanquished Creatures
  Pikel (D:4)
  Maggie (D:7)
  Jeremiah (D:7)
  Grinder (D:3)
  A wyvern (D:7)
  A steam dragon (D:7)
  Duvessa (D:7)
  A water moccasin (D:6)
  A black bear (D:7)
  2 ogres
  A centaur (D:7)
  A phantom (D:5)
  4 lemures (D:4)
  A kobold brigand (D:5)
  2 elf zombies (Ossuary)
  Blork the orc (D:4)
  A bullfrog (D:7)
  2 brain worms (Sewer)
  A scorpion (D:4)
  9 wights (D:7)
  Dowan (D:7)
  A howler monkey (D:5)
  A centaur zombie (Ossuary)
  3 bombardier beetles
  4 jellies
  An orc priest (D:3)
  A hound (D:4)
  4 human zombies (Ossuary)
  2 gnoll boudas
  A spectral scorpion (Ossuary)
  Jessica (D:3)
  7 iguanas
  4 orc wizards
  2 crocodile zombies (Ossuary)
  5 spectral hounds (Ossuary)
  A scorpion simulacrum (Ossuary)
  3 mummies
  15 gnolls
  9 adders
  4 hound simulacra (Ossuary)
  2 shadow imps
  2 white imps
  2 ufetubi (D:6)
  A spectral gnoll (Ossuary)
  A dart slug (D:2)
  3 ribbon worms
  16 orcs
  5 ball pythons
  10 bats
  3 endoplasms
  4 giant cockroaches
  11 goblins
  8 hobgoblins
  2 quokkas
  4 frilled lizards
  A gnoll simulacrum (Ossuary)
  3 gnoll zombies (Ossuary)
  4 jackal simulacra (Ossuary)
  10 kobolds
  8 kobold zombies (Ossuary)
  5 orc zombies (Ossuary)
  5 rats
  2 spectral jackals (Ossuary)
216 creatures vanquished.

Notes
Turn   | Place    | Note
-------+----------+-------------------------------------------
     0 | D:1      | jasper the Oni Gladiator began the quest for the Orb.
     0 | D:1      | Reached XP level 1. HP: 22/22 MP: 1/1
   109 | D:1      | Reached XP level 2. HP: 29/29 MP: 2/2
   342 | D:1      | Found a faded altar of an unknown god.
  1019 | D:2      | Reached skill level 4 in Maces & Flails
  1019 | D:2      | Reached XP level 3. HP: 36/36 MP: 3/3
  1473 | D:2      | Found Ycyav's Antique Weapon Shop.
  1749 | D:3      | Noticed Jessica
  1759 | D:3      | Killed Jessica
  1760 | D:3      | Reached XP level 4. HP: 40/48 MP: 4/4
  1854 | D:3      | Found a glowing drain.
  1876 | Sewer    | Entered a sewer
  1979 | Sewer    | Noticed a brain worm
  1990 | Sewer    | Killed a brain worm
  1991 | Sewer    | Reached XP level 5. HP: 41/55 MP: 2/5
  2073 | Sewer    | Reached skill level 5 in Maces & Flails
  2244 | Sewer    | Reached skill level 5 in Fighting
  2244 | Sewer    | Reached XP level 6. HP: 34/66 MP: 4/6
  2989 | D:3      | Noticed Grinder
  3008 | D:3      | Paralysed by Grinder for 2 turns
  3014 | D:3      | Killed Grinder
  3015 | D:3      | Reached skill level 6 in Maces & Flails
  3015 | D:3      | Reached XP level 7. HP: 55/72 MP: 7/7
  3397 | D:4      | Found a staircase to the Ecumenical Temple.
  3399 | D:4      | Noticed Blork the orc
  3422 | D:4      | Killed Blork the orc
  3423 | D:4      | Reached skill level 7 in Maces & Flails
  3456 | Temple   | Entered the Ecumenical Temple
  3526 | D:4      | Found a sand-covered staircase.
  3574 | Ossuary  | Entered an ossuary
  3662 | Ossuary  | Reached skill level 8 in Maces & Flails
  3756 | Ossuary  | Reached XP level 8. HP: 39/81 MP: 8/8
  4118 | Ossuary  | Reached skill level 9 in Maces & Flails
  4517 | D:4      | Noticed Pikel
  4531 | D:4      | Killed Pikel
  4532 | D:4      | Reached skill level 10 in Maces & Flails
  4532 | D:4      | Reached XP level 9. HP: 37/88 MP: 9/9
  4540 | D:4      | HP: 1/88 [gnoll/+0 halberd (11)]
  4541 | D:4      | Reached skill level 11 in Maces & Flails
  4876 | D:4      | Found a runed translucent door.
  4877 | D:4      | Noticed Crazy Yiuf
  5158 | D:4      | Found a blossoming altar of Fedhas.
  5354 | D:5      | Entered Level 5 of the Dungeon
  5546 | D:5      | Found a broken altar of Ashenzari.
  5591 | D:5      | Found a shadowy altar of Dithmenos.
  5690 | D:5      | Found a shimmering blue altar of Sif Muna.
  5835 | D:5      | Found an iron altar of Okawaru.
  5876 | D:5      | Became a worshipper of Warmaster Okawaru
  6986 | D:3      | Reached skill level 12 in Maces & Flails
  7926 | D:6      | Reached skill level 1 in Short Blades
  7926 | D:6      | Reached skill level 1 in Armour
  8260 | D:7      | Reached * piety under Okawaru
  8471 | D:7      | Noticed Dowan
  8476 | D:7      | Noticed Duvessa
  8494 | D:7      | Killed Dowan
  8496 | D:7      | Killed Duvessa
  8497 | D:7      | Reached XP level 10. HP: 86/104 MP: 10/10
  8506 | D:7      | Reached ** piety under Okawaru
  8586 | D:7      | Found a glowing golden altar of the Shining One.
  8716 | D:7      | Noticed Jeremiah
  8735 | D:7      | Paralysed by Jeremiah for 4 turns
  8742 | D:7      | Killed Jeremiah
  9064 | D:7      | Noticed Maggie
  9079 | D:7      | Killed Maggie
  9335 | D:7      | Slain by a wight

Illustrated notes

Levels and vault maps discovered:
D:1:      shiori_arrival_oz, layout_basic, ebering_ecumenical_altar_box,
          nicolae_twisty_statue_hallways
D:2:      layout_loops_cross, serial_shops, shop, kennysheep_generic_room_12
D:3:      layout_basic, cheibrodos_sewer_entry_sluice, uniq_grinder,
          uniq_jessica
D:4:      layout_basic, marbit_many_paths, minmay_temple_entry_grid,
          gup_ossuary_entry_pyramid, uniq_pikel, uniq_blork_the_orc,
          uniq_crazy_yiuf_cottage
D:5:      layout_loops_ring, cheibrodos_ashenzari_chains, amcnicky_altar_gilded,
          nicolae_dithmenos_the_darkroom, hellmonk_sif_muna_bookshelves
D:6:      layout_rooms, corner_web_ring
D:7:      layout_loops_ring, mainiacjoe_overflow_boulevard,
          kennysheep_decorative_pillar, grunt_decor_arrowhead, uniq_jeremiah,
          uniq_maggie, uniq_duvessa
Temple:   nicolae_temple_god_jail

Skill      XL: |  1  2  3  4  5  6  7  8  9 10 |
---------------+-------------------------------+-----
Maces & Flails | 4 5 6 8 10 12 | 12.0
Fighting       | 3 4 5 7 9 |  9.4
Short Blades   | 1 |  1.7
Armour         | 2 3 |  3.4
Dodging        | 3 4 |  4.5
Throwing       | |  2.0

Action                     |  1- 3 |  4- 6 |  7- 9 | 10-12 || total
---------------------------+-------+-------+-------+-------++-------
  Melee: Flail             |    24 |     6 |    43 |     6 ||    79
         Headbutt          |    13 |    15 |    99 |    15 ||   142
         Dagger            |    64 |    62 |       |       ||   126
         Whip              |     5 |     9 |   451 |    63 ||   528
  Throw: Stone             |     9 |     1 |     3 |       ||    13
         Large rock        |     1 |       |     4 |       ||     5
         Throwing net      |       |       |     5 |       ||     5
         Dart              |       |       |     1 |       ||     1
 Invoke: Heroism           |       |       |       |     1 ||     1
  Evoke: Wand              |       |       |     4 |     2 ||     6
    Use: Scroll            |     7 |     3 |    16 |     1 ||    27
         Potion            |       |       |     2 |       ||     2
   Stab: Distracted        |       |       |     1 |       ||     1
         Sleeping          |       |       |     1 |       ||     1
 Armour: Robe              |    57 |    54 |   225 |    21 ||   357
         Steam dragon scal |       |       |       |    17 ||    17
         Skin              |       |       |       |     3 ||     3
  Dodge: Dodged            |    51 |    31 |   139 |    18 ||   239
  Block: Other             |       |       |    20 |    10 ||    30
         Reflection        |       |       |     3 |       ||     3

Table legend: (Time is in decaauts)
 A = Elapsed time spent in this place.
 B = Non-inter-level travel time spent in this place.
 C = Inter-level travel time spent in this place.
 D = Time resting spent in this place.
 E = Time spent auto-exploring this place.
 F = Levels seen in this place.
 G = Mean time per level.
                   A        B        C        D        E       F      G
               +--------+--------+--------+--------+--------+-----+--------+
         Total |   9118 |   8759 |    359 |   1668 |   5061 |  10 |  911.8 |
       Dungeon |   7558 |   7199 |    359 |   1122 |   4485 |   7 | 1079.7 |
        Temple |      4 |      4 |      0 |      0 |      0 |   1 |    4.0 |
         Sewer |    802 |    802 |      0 |    128 |    475 |   1 |  802.0 |
       Ossuary |    753 |    753 |      0 |    418 |    101 |   1 |  753.0 |
               +--------+--------+--------+--------+--------+-----+--------+

Top non-repeatable levels by time:
     D:4: 1559 daAuts
     D:5: 1363 daAuts
     D:3: 1190 daAuts
     D:7: 1028 daAuts
     D:1: 936 daAuts
   Sewer: 802 daAuts
     D:6: 782 daAuts
 Ossuary: 753 daAuts
     D:2: 697 daAuts
  Temple: 4 daAuts
